[Event "RUS-chT Premier 2019"]
[Site "Sochi"]
[Date "2019.05.08"]
[Round "7.17"]
[White "Kezin, Roman"]
[Black "Levin, Evgeny A."]
[Result "1/2-1/2"]
[ECO "A28"]
[WhiteElo "2468"]
[BlackElo "2516"]
[Annotator "RC"]
[PlyCount "57"]
[EventDate "2019.04.30"]
[EventType "team-tourn"]
[EventCountry "RUS"]
[SourceTitle "playchess.com"]
[Source "ChessBase"]
[SourceQuality "1"]
[TimeControl "40/5400+30:1800+30"]

1. c4 Nf6 2. Nc3 e5 3. Nf3 Nc6 4. e3 Bb4 5. Qc2 Bxc3 6. Qxc3 Qe7 7. b3 d5 8. d4 exd4 9. Nxd4 Nxd4 10. Qxd4 c5 11. Qf4 O-O 12. Bb2 Be6 13. O-O-O Rad8 14. Qe5 Rfe8 15. Be2 dxc4 16. bxc4 Qf8 17. Qc7 Ne4 18. Qf4 Nd6 19. Rd2 f6 20. Rhd1 Nf7 21. Qc7 Rxd2 22. Rxd2 Qe7 23. Qf4 Rd8 24. Bd3 Rd6 25. Qh4 Ng5 26. Qf4 Nf7 27. Qh4 Ng5 28. Qf4 Nf7 29. Qh4 1/2-1/2

[Event "RUS-chT Premier 2019"]
[Site "Sochi"]
[Date "2019.05.08"]
[Round "7.19"]
[White "Sjugirov, Sanan"]
[Black "Chigaev, Maksim"]
[Result "1-0"]
[ECO "C96"]
[WhiteElo "2661"]
[BlackElo "2637"]
[Annotator "RC"]
[PlyCount "79"]
[EventDate "2019.04.30"]
[EventType "team-tourn"]
[EventCountry "RUS"]
[SourceTitle "playchess.com"]
[Source "ChessBase"]
[SourceQuality "1"]
[TimeControl "40/5400+30:1800+30"]

1. e4 e5 2. Nf3 Nc6 3. Bb5 a6 4. Ba4 Nf6 5. O-O Be7 6. Re1 b5 7. Bb3 d6 8. c3 O-O 9. h3 Na5 10. Bc2 c5 11. d4 Nd7 12. d5 Nb6 13. Nbd2 Bd7 14. Nf1 Nb7 15. Ng3 a5 16. Nf5 Bf6 17. g4 g6 18. Ng3 c4 19. Be3 Nc5 20. Qd2 Qc7 21. Rf1 Rab8 22. Bh6 Rfc8 23. Ng5 Be8 24. f4 exf4 25. Rxf4 Be5 26. Nf3 Bh8 27. Rf1 Nd3 28. Bxd3 cxd3 29. Qxd3 Nc4 30. Qe2 b4 31. b3 Qb6+ 32. Rf2 bxc3 33. bxc4 Qb1+ 34. Rf1 c2 35. Qe3 Rxc4 36. Ne2 Bb5 37. Nd2 Qb4 38. Nxc4 Qxc4 39. Rxf7 Qc8 40. Qa7 1-0

[Event "RUS-chT Premier 2019"]
[Site "Sochi"]
[Date "2019.05.08"]
[Round "7.20"]
[White "Paravyan, David"]
[Black "Alekseev, Evgeny"]
[Result "1/2-1/2"]
[ECO "A40"]
[WhiteElo "2610"]
[BlackElo "2647"]
[Annotator "ChessBase"]
[PlyCount "86"]
[EventDate "2019.04.30"]
[EventType "team-tourn"]
[EventCountry "RUS"]
[SourceTitle "playchess.com"]
[Source "ChessBase"]
[SourceQuality "1"]
[TimeControl "40/5400+30:1800+30"]

1. d4 Nf6 2. c4 e6 3. g3 Bb4+ 4. Bd2 Be7 5. Bg2 d5 6. Nf3 O-O 7. O-O c6 8. Qc2 b6 9. Ne5 Bb7 10. Rd1 Nfd7 11. Nd3 a5 12. Bf4 Na6 13. e4 Rc8 14. b3 Nb4 15. Nxb4 axb4 16. a4 dxc4 17. Qxc4 c5 18. dxc5 Bxc5 19. Qb5 Bc6 20. Qe2 Qe7 21. Nd2 Bd4 22. Rab1 e5 23. Be3 Nc5 24. Bxd4 exd4 25. Nc4 d3 26. Qe3 Rb8 27. Rdc1 Rfd8 28. a5 d2 29. Nxd2 Rd3 30. Qf4 Qb7 31. a6 Qa7 32. Nc4 Rxb3 33. Rxb3 Nxb3 34. Rd1 Nc5 35. Qd6 Be8 36. Ne3 b3 37. Nf5 h6 38. Qd4 f6 39. e5 Bg6 40. g4 fxe5 41. Qxe5 Re8 42. Qd6 Kh7 43. h4 h5 1/2-1/2

[Event "RUS-chT Premier 2019"]
[Site "Sochi"]
[Date "2019.05.08"]
[Round "7.21"]
[White "Rakhmanov, Aleksandr"]
[Black "Esipenko, Andrey"]
[Result "1/2-1/2"]
[ECO "A48"]
[WhiteElo "2629"]
[BlackElo "2620"]
[Annotator "RC"]
[PlyCount "52"]
[EventDate "2019.04.30"]
[EventType "team-tourn"]
[EventCountry "RUS"]
[SourceTitle "playchess.com"]
[Source "ChessBase"]
[SourceQuality "1"]
[TimeControl "40/5400+30:1800+30"]

1. d4 Nf6 2. Nf3 g6 3. c4 Bg7 4. Nc3 d5 5. h3 O-O 6. cxd5 Nxd5 7. e4 Nxc3 8. bxc3 c5 9. Be2 Nc6 10. Be3 cxd4 11. cxd4 f5 12. Bc4+ Kh8 13. O-O fxe4 14. Ng5 Nxd4 15. Nf7+ Rxf7 16. Bxf7 Qd6 17. Rc1 Bd7 18. Qd2 Rf8 19. Rfd1 e5 20. Bc4 Bc6 21. Bf1 Qe7 22. Rc4 Qf6 23. Bg5 Qf7 24. Be3 Qf6 25. Bg5 Qf7 26. Be3 Qf6 1/2-1/2

[Event "RUS-chT Premier 2019"]
[Site "Sochi"]
[Date "2019.05.09"]
[Round "8.5"]
[White "Askerov, Marat"]
[Black "Alekseenko, Kirill"]
[Result "0-1"]
[ECO "E00"]
[WhiteElo "2315"]
[BlackElo "2636"]
[Annotator "RC"]
[PlyCount "54"]
[EventDate "2019.05.01"]
[EventType "team-tourn"]
[EventCountry "RUS"]
[SourceTitle "playchess.com"]
[Source "ChessBase"]
[SourceQuality "1"]
[TimeControl "40/5400+30:1800+30"]

1. d4 e6 2. c4 Bb4+ 3. Bd2 a5 4. Nf3 d6 5. a3 Bxd2+ 6. Qxd2 Nf6 7. Nc3 O-O 8. e4 Nc6 9. Rd1 d5 10. Bd3 dxc4 11. Bxc4 Ne7 12. O-O b6 13. d5 Ng6 14. e5 Ng4 15. Qd4 Nh6 16. Nb5 Nf5 17. Qc3 Qe7 18. dxe6 fxe6 19. Nxc7 Rb8 20. Nb5 Bb7 21. Nbd4 Nf4 22. Nxf5 Rxf5 23. Rd6 b5 24. Bxe6+ Nxe6 25. Qb3 Bxf3 26. Rxe6 Qf7 27. gxf3 Rxe5 0-1

[Event "RUS-chT Premier 2019"]
[Site "Sochi"]
[Date "2019.05.09"]
[Round "8.6"]
[White "Goganov, Aleksey"]
[Black "Golikov, Daniil"]
[Result "1-0"]
[ECO "D11"]
[WhiteElo "2570"]
[BlackElo "2271"]
[Annotator "ChessBase"]
[PlyCount "59"]
[EventDate "2019.05.01"]
[EventType "team-tourn"]
[EventCountry "RUS"]
[SourceTitle "playchess.com"]
[Source "ChessBase"]
[SourceQuality "1"]
[TimeControl "40/5400+30:1800+30"]

1. Nf3 Nf6 2. c4 c6 3. d4 d5 4. e3 e6 5. Bd3 a6 6. b3 Nbd7 7. O-O Bd6 8. Nbd2 O-O 9. Bb2 b5 10. e4 bxc4 11. bxc4 dxe4 12. Nxe4 Nxe4 13. Bxe4 Rb8 14. Qc2 Nf6 15. Bd3 c5 16. dxc5 Bxc5 17. Rad1 Qe7 18. Bxf6 Qxf6 19. Bxh7+ Kh8 20. Be4 Rb2 21. Qa4 Rb4 22. Qc2 Rb2 23. Qa4 Rb4 24. Qa5 Rxc4 25. Nd2 Rc3 26. Nb1 Rc4 27. Nd2 Rc3 28. Nb3 Ba7 29. Qh5+ Qh6 30. Qxf7 1-0

[Event "RUS-chT Premier 2019"]
[Site "Sochi"]
[Date "2019.05.09"]
[Round "8.7"]
[White "Chigaev, Maksim"]
[Black "Riazantsev, Alexander"]
[Result "1/2-1/2"]
[ECO "B12"]
[WhiteElo "2637"]
[BlackElo "2653"]
[Annotator "RC"]
[PlyCount "45"]
[EventDate "2019.05.01"]
[EventType "team-tourn"]
[EventCountry "RUS"]
[SourceTitle "playchess.com"]
[Source "ChessBase"]
[SourceQuality "1"]
[TimeControl "40/5400+30:1800+30"]

1. e4 c6 2. d4 d5 3. e5 c5 4. dxc5 e6 5. a3 Bxc5 6. Qg4 Ne7 7. Nf3 Ng6 8. Bd3 Nc6 9. Nc3 h5 10. Qg3 h4 11. Qg4 Ncxe5 12. Nxe5 Nxe5 13. Qxg7 Nxd3+ 14. cxd3 Rh5 15. d4 Bf8 16. Qg4 Rf5 17. O-O Bd7 18. Be3 Qf6 19. Rac1 Bd6 20. Qg8+ Bf8 21. Qg4 Bd6 22. Qg8+ Bf8 23. Qg4 1/2-1/2

[Event "RUS-chT Premier 2019"]
[Site "Sochi"]
[Date "2019.05.09"]
[Round "8.16"]
[White "Kokarev, Dmitry"]
[Black "Levin, Evgeny A."]
[Result "1-0"]
[ECO "B50"]
[WhiteElo "2605"]
[BlackElo "2516"]
[Annotator "RC"]
[PlyCount "147"]
[EventDate "2019.05.01"]
[EventType "team-tourn"]
[EventCountry "RUS"]
[SourceTitle "playchess.com"]
[Source "ChessBase"]
[SourceQuality "1"]
[TimeControl "40/5400+30:1800+30"]

1. e4 c5 2. Nf3 d6 3. d4 Nf6 4. Bb5+ Bd7 5. Bxd7+ Qxd7 6. dxc5 Nxe4 7. cxd6 Nxd6 8. Nc3 Nc6 9. Qe2 g6 10. Bf4 Bg7 11. O-O-O O-O 12. Nd5 Rfe8 13. Ne5 Qd8 14. Rhe1 Qa5 15. Kb1 e6 16. Nc3 Nxe5 17. Bxe5 Bxe5 18. Qxe5 Qxe5 19. Rxe5 Red8 20. a4 Nf5 21. Rc5 Rxd1+ 22. Nxd1 Rd8 23. Kc1 Rd7 24. b4 Kf8 25. Nb2 Ne7 26. a5 Nd5 27. Nd3 Rc7 28. Rxc7 Nxc7 29. Kd2 Ke7 30. c4 Kd6 31. f4 b6 32. axb6 axb6 33. Kc3 f6 34. Kd4 Na6 35. g4 Nb8 36. c5+ bxc5+ 37. bxc5+ Kc7 38. Kc4 Nc6 39. g5 fxg5 40. fxg5 Na5+ 41. Kd4 Nc6+ 42. Ke4 Kd8 43. Ne5 Nb4 44. Kd4 Nc2+ 45. Ke4 Nb4 46. Ng4 Ke7 47. Kd4 Nc2+ 48. Kc4 Kd7 49. Nf6+ Kc6 50. Nxh7 Ne3+ 51. Kd4 Nf1 52. h3 Nd2 53. Ke3 Nc4+ 54. Kf4 e5+ 55. Ke4 Kxc5 56. Nf8 Kd6 57. Nxg6 Ke6 58. Nh4 Nd6+ 59. Kf3 Nf7 60. Kg4 e4 61. Kf4 Nd6 62. Ng2 Kf7 63. h4 Kg6 64. Kg4 Nc4 65. h5+ Kf7 66. Kf4 Nd6 67. Ke5 Ne8 68. Kxe4 Ng7 69. Nf4 Ne8 70. Ke5 Kg7 71. h6+ Kh7 72. Nd5 Kg6 73. Ke6 Kxg5 74. h7 1-0

[Event "RUS-chT Premier 2019"]
[Site "Sochi"]
[Date "2019.05.09"]
[Round "8.17"]
[White "Ionov, Sergey"]
[Black "Rozum, Ivan"]
[Result "0-1"]
[ECO "E11"]
[WhiteElo "2530"]
[BlackElo "2568"]
[Annotator "ChessBase"]
[PlyCount "58"]
[EventDate "2019.05.01"]
[EventType "team-tourn"]
[EventCountry "RUS"]
[SourceTitle "playchess.com"]
[Source "ChessBase"]
[SourceQuality "1"]
[TimeControl "40/5400+30:1800+30"]

1. d4 Nf6 2. c4 e6 3. Nf3 Bb4+ 4. Bd2 Bxd2+ 5. Qxd2 O-O 6. g3 d5 7. Bg2 c6 8. O-O Nbd7 9. Na3 b6 10. Ne5 Bb7 11. Rac1 Rc8 12. cxd5 exd5 13. Bh3 Qe7 14. Qe3 Rce8 15. Nxc6 Qd6 16. Nb5 Qxc6 17. Qb3 Nc5 18. dxc5 bxc5 19. Nxa7 Qa6 20. Nb5 Rxe2 21. Rxc5 Ne4 22. Rcc1 Qh6 23. Nd4 Rxf2 24. Bg2 Qd2 25. Bxe4 Rxf1+ 26. Rxf1 Qxd4+ 27. Rf2 dxe4 28. Qxb7 e3 29. Rf4 Qd1+ 0-1

[Event "RUS-chT Premier 2019"]
[Site "Sochi"]
[Date "2019.05.09"]
[Round "8.18"]
[White "Sychev, Klementy"]
[Black "Ivanov, Sergey"]
[Result "0-1"]
[ECO "C18"]
[WhiteElo "2574"]
[BlackElo "2504"]
[Annotator "ChessBase"]
[PlyCount "46"]
[EventDate "2019.05.01"]
[EventType "team-tourn"]
[EventCountry "RUS"]
[SourceTitle "playchess.com"]
[Source "ChessBase"]
[SourceQuality "1"]
[TimeControl "40/5400+30:1800+30"]

1. e4 e6 2. d4 d5 3. Nc3 Bb4 4. e5 Ne7 5. a3 Bxc3+ 6. bxc3 c5 7. Qg4 O-O 8. Bd3 f5 9. exf6 Rxf6 10. Qh5 h6 11. g4 c4 12. g5 g6 13. Qd1 Rf7 14. Bxg6 Nxg6 15. Qh5 Ne7 16. Nf3 Nbc6 17. g6 Rxf3 18. Qxf3 Nf5 19. g7 e5 20. Qh5 Bd7 21. dxe5 Nxe5 22. Bf4 Qf6 23. O-O-O Nd3+ 0-1

[Event "RUS-chT Premier 2019"]
[Site "Sochi"]
[Date "2019.05.09"]
[Round "8.20"]
[White "Khanin, Semen"]
[Black "Zvjaginsev, Vadim"]
[Result "0-1"]
[ECO "B09"]
[WhiteElo "2524"]
[BlackElo "2635"]
[Annotator "RC"]
[PlyCount "104"]
[EventDate "2019.05.01"]
[EventType "team-tourn"]
[EventCountry "RUS"]
[SourceTitle "playchess.com"]
[Source "ChessBase"]
[SourceQuality "1"]
[TimeControl "40/5400+30:1800+30"]

1. e4 d6 2. d4 Nf6 3. Nc3 g6 4. f4 Bg7 5. Nf3 O-O 6. Bd3 Na6 7. O-O c5 8. d5 Bg4 9. Bc4 Nc7 10. h3 Bxf3 11. Qxf3 a6 12. a4 b6 13. Qd3 Qc8 14. f5 Nd7 15. Qg3 Ne8 16. Bg5 Bf6 17. h4 Ng7 18. Bxf6 Nh5 19. Qh3 Nhxf6 20. g4 Ne5 21. Be2 h6 22. g5 Nh7 23. Qg3 Kh8 24. fxg6 fxg6 25. gxh6 Rg8 26. Kh2 Nf6 27. Rg1 Qf8 28. Qg5 Kh7 29. b3 Nf7 30. Qf4 Qxh6 31. Qxh6+ Kxh6 32. Rg3 Ne5 33. Rf1 Rgf8 34. Rgg1 a5 35. Rf4 Nh5 36. Rff1 Nf6 37. Rf4 Rac8 38. Ba6 Nh5 39. Rxf8 Rxf8 40. Rf1 Nf3+ 41. Kh3 Rf4 42. Be2 Rxh4+ 43. Kg2 Nd2 44. Re1 Nf4+ 45. Kg3 Kg5 46. Kf2 Rh3 47. Rg1+ Kf6 48. Ke1 Nxb3 49. e5+ Kxe5 50. Rg5+ Kd4 51. Nb5+ Ke3 52. Bf1 Nd2 0-1

[Event "RUS-chT Premier 2019"]
[Site "Sochi"]
[Date "2019.05.09"]
[Round "8.21"]
[White "Kobalia, Mikhail"]
[Black "Tsydypov, Zhamsaran"]
[Result "1/2-1/2"]
[ECO "B31"]
[WhiteElo "2610"]
[BlackElo "2546"]
[Annotator "RC"]
[PlyCount "118"]
[EventDate "2019.05.01"]
[EventType "team-tourn"]
[EventCountry "RUS"]
[SourceTitle "playchess.com"]
[Source "ChessBase"]
[SourceQuality "1"]
[TimeControl "40/5400+30:1800+30"]

1. e4 c5 2. Nf3 Nc6 3. Bb5 g6 4. Bxc6 dxc6 5. d3 Bg7 6. O-O Nf6 7. Re1 Nd7 8. a4 Nf8 9. Nbd2 e5 10. h3 Ne6 11. Nc4 Qc7 12. c3 b6 13. b4 cxb4 14. cxb4 O-O 15. Qc2 Ba6 16. Bb2 Bxc4 17. Qxc4 Rfd8 18. Red1 Rac8 19. Rac1 Qd6 20. g3 c5 21. bxc5 Rxc5 22. Qa2 Rxc1 23. Bxc1 Nc5 24. Bg5 Rc8 25. Qa1 Qd7 26. Be3 Qxh3 27. Qa3 Bf6 28. Rc1 Nb7 29. Bg5 Bxg5 30. Nxg5 Rxc1+ 31. Qxc1 Qd7 32. Nf3 f6 33. Qc4+ Kg7 34. d4 exd4 35. Nxd4 Nc5 36. a5 Qg4 37. Qd5 Qxe4 38. Qd8 Qb7 39. axb6 axb6 40. Nb5 Ne6 41. Qd6 Kf7 42. Qa3 Qd7 43. Qa6 Nd4 44. Nxd4 Qxd4 45. Qb7+ Kg8 46. Qa8+ Kg7 47. Qb7+ Kh6 48. Qh1+ Kg5 49. Qxh7 b5 50. Qh3 Qg4 51. Qg2 Qd1+ 52. Kh2 Qd4 53. f4+ Kh6 54. Qa8 f5 55. Kh3 Qf6 56. Qb8 Qb2 57. Qd8 Kg7 58. Qe7+ Kh6 59. Qh4+ Kg7 1/2-1/2

[Event "RUS-chT Premier 2019"]
[Site "Sochi"]
[Date "2019.05.09"]
[Round "8.23"]
[White "Popov, Ivan"]
[Black "Kezin, Roman"]
[Result "1-0"]
[ECO "B47"]
[WhiteElo "2600"]
[BlackElo "2468"]
[Annotator "ChessBase"]
[PlyCount "71"]
[EventDate "2019.05.01"]
[EventType "team-tourn"]
[EventCountry "RUS"]
[SourceTitle "playchess.com"]
[Source "ChessBase"]
[SourceQuality "1"]
[TimeControl "40/5400+30:1800+30"]

1. e4 c5 2. Nf3 e6 3. d4 cxd4 4. Nxd4 Nc6 5. Nc3 Qc7 6. a3 a6 7. Be3 b5 8. Nxc6 Qxc6 9. Be2 Bb7 10. O-O Rc8 11. Qd3 Nf6 12. Rfd1 Be7 13. Bf3 e5 14. Bg5 Ng8 15. Bxe7 Nxe7 16. a4 b4 17. Na2 a5 18. c3 f5 19. exf5 e4 20. Bh5+ g6 21. Qd4 O-O 22. fxg6 hxg6 23. Bg4 Nf5 24. Qxd7 e3 25. Qxc6 exf2+ 26. Kxf2 Bxc6 27. Kg1 Rce8 28. cxb4 Ne3 29. Rd6 Bxg2 30. Re1 Re4 31. Be6+ Kh8 32. Nc3 Re5 33. Nd1 Bf3 34. Nxe3 Rf6 35. Ng2 Rg5 36. Rd8+ 1-0

[Event "RUS-chT Premier 2019"]
[Site "Sochi"]
[Date "2019.05.09"]
[Round "8.24"]
[White "Murzin, Volodar"]
[Black "Gordievsky, Dmitry"]
[Result "0-1"]
[ECO "B40"]
[WhiteElo "2407"]
[BlackElo "2585"]
[Annotator "ChessBase"]
[PlyCount "108"]
[EventDate "2019.05.01"]
[EventType "team-tourn"]
[EventCountry "RUS"]
[SourceTitle "playchess.com"]
[Source "ChessBase"]
[SourceQuality "1"]
[TimeControl "40/5400+30:1800+30"]

1. e4 c5 2. Nf3 e6 3. g3 Nc6 4. Bg2 Nf6 5. Qe2 e5 6. O-O Be7 7. d3 h6 8. c3 O-O 9. Na3 Re8 10. Nc4 Bf8 11. Bd2 d6 12. Ne3 d5 13. Nh4 Be6 14. Rfd1 d4 15. Nf1 g6 16. c4 Nd7 17. h3 Rb8 18. a4 Kh7 19. Nh2 Be7 20. N4f3 Rg8 21. Ne1 Qf8 22. f4 exf4 23. Bxf4 Bd6 24. Nef3 g5 25. Bxd6 Qxd6 26. g4 f6 27. Rf1 Rbf8 28. Rf2 Nde5 29. Nxe5 fxe5 30. Nf1 Rxf2 31. Qxf2 Ne7 32. Ng3 Ng6 33. Nf5 Qd7 34. Qd2 Nf4 35. Bf1 h5 36. b4 Rh8 37. bxc5 Kg6 38. Ra2 Kf6 39. Qf2 hxg4 40. hxg4 Bxf5 41. gxf5 Nh3+ 42. Bxh3 Rxh3 43. Qg2 Qh7 44. Rf2 Qh5 45. a5 a6 46. Rb2 Qh4 47. Rb6+ Ke7 48. Rxb7+ Kd8 49. c6 Qe1+ 50. Qf1 Rh1+ 51. Kxh1 Qxf1+ 52. Kh2 Qf2+ 53. Kh3 Qf3+ 54. Kh2 g4 0-1

[Event "RUS-chT Premier 2019"]
[Site "Sochi"]
[Date "2019.05.09"]
[Round "8.27"]
[White "Chernobay, Artem"]
[Black "Timofeev, Artyom"]
[Result "1/2-1/2"]
[ECO "B45"]
[WhiteElo "2503"]
[BlackElo "2602"]
[Annotator "ChessBase"]
[PlyCount "59"]
[EventDate "2019.05.01"]
[EventType "team-tourn"]
[EventCountry "RUS"]
[SourceTitle "playchess.com"]
[Source "ChessBase"]
[SourceQuality "1"]
[TimeControl "40/5400+30:1800+30"]

1. e4 c5 2. Nf3 e6 3. d4 cxd4 4. Nxd4 Nc6 5. Nc3 d6 6. g4 a6 7. Rg1 Nge7 8. Be3 Bd7 9. Qd2 Nxd4 10. Qxd4 Nc6 11. Qd2 Be7 12. g5 Qa5 13. O-O-O b5 14. Kb1 O-O 15. f4 Rfc8 16. Bh3 Rc7 17. f5 b4 18. Ne2 exf5 19. exf5 b3 20. Qxa5 bxc2+ 21. Kxc2 Nxa5+ 22. Kb1 Rb8 23. Bd4 g6 24. Nc3 Nc4 25. Nd5 Na3+ 26. Ka1 Nc2+ 27. Kb1 Na3+ 28. Ka1 Nc2+ 29. Kb1 Na3+ 30. Ka1 1/2-1/2

[Event "RUS-chT Premier 2019"]
[Site "Sochi"]
[Date "2019.05.09"]
[Round "8.28"]
[White "Faizrakhmanov, Ramil"]
[Black "Bykov, Oleg"]
[Result "0-1"]
[ECO "E15"]
[WhiteElo "2438"]
[BlackElo "2395"]
[Annotator "ChessBase"]
[PlyCount "98"]
[EventDate "2019.05.01"]
[EventType "team-tourn"]
[EventCountry "RUS"]
[SourceTitle "playchess.com"]
[Source "ChessBase"]
[SourceQuality "1"]
[TimeControl "40/5400+30:1800+30"]

1. d4 Nf6 2. c4 e6 3. Nf3 b6 4. g3 Bb4+ 5. Bd2 Be7 6. Bg2 c6 7. O-O O-O 8. Nc3 d5 9. cxd5 cxd5 10. Rc1 Bb7 11. Ne5 Nbd7 12. Nd3 Rc8 13. Bf4 Nb8 14. Bxb8 Rxb8 15. Qa4 a6 16. Qb3 Qd6 17. Ne5 b5 18. Nd3 Nd7 19. e3 Rfc8 20. Qd1 Bc6 21. b4 a5 22. a3 Nb6 23. Nc5 Nc4 24. Nb1 Rd8 25. Qb3 Ra8 26. Rfd1 Qc7 27. Nc3 axb4 28. axb4 Ra3 29. Qc2 Qa7 30. Re1 Qa8 31. Rcd1 g6 32. Bf1 Kg7 33. h4 e5 34. Bg2 e4 35. Rc1 Qa7 36. f3 Bxc5 37. dxc5 exf3 38. Bxf3 d4 39. Bxc6 Rxc3 40. Qe4 Rxc1 41. Rxc1 Nxe3 42. Qe5+ Kg8 43. h5 Qa3 44. Rb1 Qa2 45. Re1 Qd2 46. Ra1 Ng4 47. Qf4 Qh2+ 48. Kf1 Ne3+ 49. Ke1 Qg1+ 0-1

[Event "RUS-chT Premier 2019"]
[Site "Sochi"]
[Date "2019.05.09"]
[Round "8.29"]
[White "Ofitserian, Boris"]
[Black "Makhmutov, Rail"]
[Result "0-1"]
[ECO "A05"]
[WhiteElo "2413"]
[BlackElo "2390"]
[Annotator "ChessBase"]
[PlyCount "66"]
[EventDate "2019.05.01"]
[EventType "team-tourn"]
[EventCountry "RUS"]
[SourceTitle "playchess.com"]
[Source "ChessBase"]
[SourceQuality "1"]
[TimeControl "40/5400+30:1800+30"]

1. Nf3 Nf6 2. c4 c5 3. e3 g6 4. b3 Bg7 5. Bb2 O-O 6. g3 Nc6 7. Bg2 d5 8. d4 dxc4 9. bxc4 cxd4 10. Nxd4 Bg4 11. Qc2 Na5 12. Nd2 Rc8 13. h3 Bd7 14. a4 a6 15. O-O Nxc4 16. Nxc4 b5 17. axb5 axb5 18. Ra6 Rxc4 19. Qb3 Qc8 20. Rfa1 Ra4 21. R1xa4 bxa4 22. Qb6 Bxh3 23. Nc6 Re8 24. Nxe7+ Rxe7 25. Ra8 Qxa8 26. Bxa8 Re8 27. Bc6 Rc8 28. Bb7 Nd7 29. Qd6 Bxb2 30. Bxc8 a3 31. Qd2 Ne5 32. Qc2 Nf3+ 33. Kh1 Bg2+ 0-1

[Event "RUS-chT Premier 2019"]
[Site "Sochi"]
[Date "2019.05.09"]
[Round "8.30"]
[White "Toropov, Pavel"]
[Black "Nozdrachev, Leonid"]
[Result "0-1"]
[ECO "C44"]
[WhiteElo "2327"]
[BlackElo "2367"]
[Annotator "NA"]
[PlyCount "92"]
[EventDate "2019.05.01"]
[EventType "team-tourn"]
[EventCountry "RUS"]
[SourceTitle "playchess.com"]
[Source "ChessBase"]
[SourceQuality "1"]
[TimeControl "40/5400+30:1800+30"]

1. e4 e5 2. Nf3 Nc6 3. d4 exd4 4. Nxd4 Nf6 5. Nc3 Bb4 6. Nxc6 bxc6 7. Bd3 d5 8. exd5 O-O 9. O-O cxd5 10. Bg5 c6 11. Qf3 Rb8 12. h3 {[%emt 0:01:08] C47: Scotch Four Knights and Four Knights with 4 g3} Be6 (12... Bd6 13. b3 Be5 14. Bf4 Bxf4 15. Qxf4 Be6 16. Na4 Qa5 17. Rfe1 c5 18. c4 dxc4 19. Bxc4 Bxc4 20. Qxc4 Rb4 {½-½ (37) Nisipeanu,L (2657)-Demchenko,A (2670) Barcelona 2018}) 13. Ne2 h6 14. Bf4 Bd6 15. b3 c5 16. Rad1 Rb6 17. c4 Re8 $146 ({Predecessor:} 17... d4 18. Rfe1 Bc8 19. Bxd6 Qxd6 20. Ng3 g6 21. Ne4 Nxe4 22. Bxe4 {0-1 (43) Honfi,K-Milev,Z Varna 1962}) 18. Nc3 Bxf4 19. Qxf4 d4 20. Na4 Rc6 21. Rfe1 Qc7 22. Qf3 Bd7 23. Bf5 Rxe1+ 24. Rxe1 Be8 25. Qe2 g6 26. Bg4 h5 27. Bf3 Re6 28. Qd2 Rxe1+ 29. Qxe1 Bxa4 $1 30. bxa4 Qd6 (30... h4 $19 31. Qe2 Kg7) 31. Qd2 Kg7 32. Qb2 d3 33. Bd5 Qb6 34. Qxb6 axb6 35. Bf3 Ne8 36. Be4 d2 37. Bc2 Kf6 38. f4 Nd6 39. Kf2 Nxc4 40. Ke2 Ke6 41. Be4 h4 42. Bf3 $19 (42. Kd1 $142 Nd6 43. Bc2) 42... Kf5 43. Kd1 Kxf4 44. Be2 Ne3+ 45. Kxd2 Nxg2 46. Kd3 Ne3 0-1

[Event "RUS-chT Premier 2019"]
[Site "Sochi"]
[Date "2019.05.10"]
[Round "9.3"]
[White "Timofeev, Artyom"]
[Black "Saveliev, Alexei"]
[Result "1-0"]
[ECO "B42"]
[WhiteElo "2602"]
[BlackElo "2367"]
[Annotator "ChessBase"]
[PlyCount "85"]
[EventDate "2019.05.01"]
[EventType "team-tourn"]
[EventCountry "RUS"]
[SourceTitle "playchess.com"]
[Source "ChessBase"]
[SourceQuality "1"]
[TimeControl "40/5400+30:1800+30"]

1. e4 c5 2. Nf3 e6 3. d4 cxd4 4. Nxd4 a6 5. Bd3 Nf6 6. Qe2 d6 7. O-O Qc7 8. Kh1 Be7 9. f4 Nbd7 10. Nc3 b6 11. Bd2 Bb7 12. Rae1 Qc5 13. Nf3 Qh5 14. e5 dxe5 15. fxe5 Ng4 16. Be4 Bxe4 17. Qxe4 O-O 18. h3 Nh6 19. Nd4 Rac8 20. Rf3 Nc5 21. Qe3 Rfd8 22. Nce2 Qh4 23. Ref1 g5 24. b4 Nd7 25. Rg3 Nf8 26. Rxg5+ Bxg5 27. Qxg5+ Qxg5 28. Bxg5 Rd5 29. Bxh6 Ng6 30. Nf3 Rxc2 31. Nf4 Nxf4 32. Bxf4 Kg7 33. Bg5 h6 34. Bf6+ Kf8 35. Re1 Rc4 36. a3 Rd3 37. Kh2 Ke8 38. Bg7 h5 39. Ng5 Kd7 40. Rf1 Rxa3 41. Rxf7+ Ke8 42. Bf6 Rxb4 43. Rb7 1-0

[Event "RUS-chT Premier 2019"]
[Site "Sochi"]
[Date "2019.05.10"]
[Round "9.4"]
[White "Timerkhanov, Alexander"]
[Black "Faizrakhmanov, Ramil"]
[Result "1/2-1/2"]
[ECO "A45"]
[WhiteElo "2366"]
[BlackElo "2438"]
[Annotator "ChessBase"]
[PlyCount "114"]
[EventDate "2019.05.01"]
[EventType "team-tourn"]
[EventCountry "RUS"]
[SourceTitle "playchess.com"]
[Source "ChessBase"]
[SourceQuality "1"]
[TimeControl "40/5400+30:1800+30"]

1. d4 Nf6 2. Bg5 d5 3. Nd2 c6 4. e3 Bg4 5. Ngf3 Nbd7 6. Be2 e6 7. O-O Be7 8. h3 Bh5 9. c4 O-O 10. Re1 c5 11. Rc1 Rc8 12. a3 h6 13. Bh4 dxc4 14. Nxc4 Ne4 15. Bxe7 Qxe7 16. Nfd2 Bxe2 17. Rxe2 Nef6 18. Nf3 Rfd8 19. Rec2 cxd4 20. Nxd4 Rc5 21. b4 Rd5 22. Qe2 Nf8 23. Na5 R8d7 24. Rc8 e5 25. Nf5 Qe6 26. e4 Rd2 27. Qc4 h5 28. Qc5 N6h7 29. Nc4 Rd1+ 30. Rxd1 Rxd1+ 31. Kh2 g6 32. Ne7+ Kg7 33. Re8 Qf6 34. Qxe5 b5 35. Nd5 Rxd5 36. exd5 bxc4 37. d6 Nd7 38. Qxf6+ Kxf6 39. Rc8 Ke6 40. Rxc4 Kxd6 41. Rc8 Nb6 42. Rc5 Nf8 43. Ra5 Nc8 44. h4 Ne6 45. f3 Nd4 46. Kh3 Nc6 47. Rc5 Nb6 48. g4 Nd5 49. Rb5 f5 50. gxf5 Nd4 51. Rb7 Nxf5 52. Rxa7 Nf4+ 53. Kh2 Nxh4 54. Kg3 g5 55. Rf7 Ne2+ 56. Kf2 Nd4 57. a4 Nhxf3 1/2-1/2

[Event "RUS-chT Premier 2019"]
[Site "Sochi"]
[Date "2019.05.10"]
[Round "9.5"]
[White "Makhmutov, Rail"]
[Black "Askerov, Marat"]
[Result "1-0"]
[ECO "E20"]
[WhiteElo "2390"]
[BlackElo "2315"]
[Annotator "ChessBase"]
[PlyCount "89"]
[EventDate "2019.05.01"]
[EventType "team-tourn"]
[EventCountry "RUS"]
[SourceTitle "playchess.com"]
[Source "ChessBase"]
[SourceQuality "1"]
[TimeControl "40/5400+30:1800+30"]

1. d4 Nf6 2. c4 e6 3. Nc3 Bb4 4. g3 O-O 5. Bg2 d6 6. Nf3 Bxc3+ 7. bxc3 Nbd7 8. Qd3 e5 9. Nd2 Rb8 10. a4 b6 11. a5 Bb7 12. e4 c5 13. axb6 Qxb6 14. Rb1 Qc7 15. O-O Rfe8 16. Ba3 a5 17. f4 Ba6 18. Rbe1 h6 19. d5 Nb6 20. Bf3 Nfd7 21. Rb1 Rb7 22. Be2 Reb8 23. Qc2 Nf8 24. fxe5 dxe5 25. Rf2 Nc8 26. Rbf1 Nd6 27. Qa4 Ra7 28. h4 Bc8 29. Kh2 Bd7 30. Qd1 a4 31. Bd3 Qc8 32. Be2 Nh7 33. Bh5 f6 34. Qe2 Nf8 35. g4 Nh7 36. Rg1 Rc7 37. Bg6 Nf8 38. Bf5 Bxf5 39. gxf5 Kh8 40. Rfg2 Nh7 41. Qe3 Rbb7 42. Rg3 Nf8 43. Bxc5 Rd7 44. Bb4 Rbc7 45. c5 1-0